 Dungeon Crawl Stone Soup version 0.29.1-2-gbd0b4ee654 (webtiles) character file.

Game seed: 6706794299814136798

440 Asagix the Cutter (level 6, -4/48 HPs)
             Began as a Demonspawn Berserker on Nov 12, 2022.
             Was a Believer of Trog.
             Slain by Edmund
             ... wielding a +0 dire flail of holy wrath
              (8 damage)
             ... on level 4 of the Dungeon.
             The game lasted 00:09:24 (6683 turns).

Asagix the Cutter (Demonspawn Berserker)            Turns: 6683, Time: 00:09:25

Health: -4/48      AC:  8    Str: 19    XL:     6   Next: 70%
Magic:  6/6        EV:  8    Int:  9    God:    Trog [**....]
Gold:   204        SH:  0    Dex: 12    Spells: 5/5 levels left

rFire   . . .      SeeInvis +   n - +4 quarterstaff (chaos)
rCold   . . .      Faith    .   (shield currently unavailable)
rNeg    . . .      Spirit   .   w - +0 chain mail
rPois   .          Reflect  .   (helmet restricted)
rElec   .          Harm     .   (no cloak)
rCorr   .          Rampage  .   (no gloves)
Will    .....                   (no boots)
Stlth   ..........              (no amulet)
HPRegen 0.16/turn               q - ring of see invisible
MPRegen 0.10/turn               (no ring)

@: no status effects
A: antennae 1, demonic guardian 1, weakness stinger 1
a: Renounce Religion, Berserk, Trog's Hand


You were on level 4 of the Dungeon.
You worshipped Trog.
Trog was pleased with you.
You visited 1 branch of the dungeon, and saw 5 of its levels.

You collected 204 gold pieces.

Inventory:

Hand Weapons
 a - a +0 short sword
 i - a +2 hammer of protection
 j - a +0 scythe
 n - a +4 quarterstaff of chaos (weapon)
Armour
 b - a +0 animal skin
 w - a +0 chain mail (worn)
Jewellery
 q - a ring of see invisible (left hand)
Wands
 k - a wand of flame (31)
Scrolls
 c - a scroll of fear {unknown}
 d - a scroll of torment {unknown}
 e - 2 scrolls of identify {unknown}
 h - 2 scrolls of butterflies {unknown}
 l - a scroll of enchant weapon {unknown}
 m - 5 scrolls of teleportation
 o - a scroll of enchant armour {unknown}
 p - a scroll of immolation {unknown}
 u - a scroll of blinking {unknown}
 x - a scroll of poison {unknown}
Potions
 f - a potion of curing
 g - a potion of haste {unknown}
 r - a potion of cancellation {unknown}
 s - a potion of experience {unknown}
 t - a potion of invisibility {unknown}
 v - 2 potions of attraction {unknown}


   Skills:
 + Level 4.2 Fighting
 + Level 4.5 Short Blades
 + Level 1.3(1.7) Maces & Flails
 + Level 1.5(1.8) Staves
 + Level 2.1 Armour
 + Level 3.2 Dodging
 + Level 1.9 Stealth


You had 5 spell levels left.
You didn't know any spells.
Your spell library contained the following spells:

 Spells                   Type           Power      Damage    Failure   Level
 Gell's Gravitas          Tloc           0%         N/A       100%        3
 Lesser Beckoning         Tloc           0%         N/A       100%        3
 Teleport Other           Tloc           0%         N/A       100%        3


Dungeon Overview and Level Annotations

Branches:
Dungeon (5/15)
 Temple: D:4-7

Altars:

Shops:
D:4 (

Annotations:
D:4 Edmund


Innate Abilities, Weirdness & Mutations

You have a pair of small antennae on your head.
A weak demonic guardian rushes to your aid.
You have a small tail.


Message History

Your shadow imp hits the orc priest.
The orc priest dies!
Trog accepts your kill. Edmund closely misses you.
You climb upwards.
Your summoned ally is left behind.
There is a stone staircase leading down here.
It was a potion of curing.
You feel better. Edmund closely misses you.
Things that are here:
a +0 robe; a +0 dagger; an orc skeleton You thump Edmund!
Edmund resists with some effort.
Edmund is lightly wounded.
Edmund says, "Everyone always remembers my brother. 'Who's Edmund?' they ask!"
Edmund hits you with a +0 dire flail of holy wrath.
You convulse.
You hit Edmund but do no damage.
Edmund is lightly wounded.
Edmund barely misses you.
You hit Edmund.
You feel better.
Edmund is moderately wounded.
Edmund barely misses you.
You thump Edmund! You freeze Edmund.
Edmund is severely wounded.
Edmund hits you with a +0 dire flail of holy wrath.
You convulse.
Edmund barely misses you.
You barely miss Edmund.
Your tail-slap misses Edmund.
Edmund is severely wounded.
Edmund hits you with a +0 dire flail of holy wrath!
You convulse!
* * * LOW HITPOINT WARNING * * *
You sock Edmund!
Edmund is moving more slowly.
Edmund is almost dead.
Edmund hits you with a +0 dire flail of holy wrath.
* * * LOW HITPOINT WARNING * * *
A demonic guardian appears!
You convulse.
* * * LOW HITPOINT WARNING * * *
You feel better.
Edmund hits you with a +0 dire flail of holy wrath!
* * * LOW HITPOINT WARNING * * *
You convulse!
You die...

###...#.###.....###...#
........# ###.....#._.#
###...#.# #####.#...#
##.##.# #.#...## #.##.#
##.#.#..# #.##.# #....#..#
#.##.# #.#..#..#
####.##.########@#..#..#
.....##.......(5@#.....#
..##########...###.....#
#.###########....#..≈.#####
#................#..≈.....#
###########.####.#..≈.###.#
#.# #....≈.# #.####### #.#
##.#...# #>......# #.#
#.#...# #######.#
#.#####.##.## ##...


You could see Edmund (petrifying, ally target) and a friendly quasit (summoned).

Vanquished Creatures
  Sigmund (D:2)
  Crazy Yiuf (D:2)
  2 orc wizards
  4 adders
  2 ufetubi (D:4)
  5 worms
  4 dart slugs
  4 orcs (D:3)
  8 ball pythons
  10 bats
  5 endoplasms
  2 giant cockroaches (D:3)
  4 goblins
  5 hobgoblins
  2 jackals (D:1)
  5 kobolds
  3 quokkas
  6 frilled lizards
  2 rats (D:1)
75 creatures vanquished.

Vanquished Creatures (collateral kills)
  An orc priest (D:5)
  2 adders (D:2)
  2 orcs (D:5)
  A hobgoblin (D:1)
  A jackal (D:1)
  A quokka (D:4)
  A frilled lizard (D:2)
9 creatures vanquished.

Grand Total: 84 creatures vanquished

Notes
Turn   | Place    | Note
-------+----------+-------------------------------------------
     0 | D:1      | Asagix the Demonspawn Berserker began the quest for the
                  | Orb.
     0 | D:1      | Reached XP level 1. HP: 18/18 MP: 1/1
   665 | D:1      | Gained mutation: A weak demonic guardian rushes to your
                  | aid. [demonic ancestry]
   665 | D:1      | Reached XP level 2. HP: 5/24 MP: 2/2
  1927 | D:1      | Found a faded altar of an unknown god.
  2222 | D:1      | Discovered your monstrous ancestry.
  2222 | D:1      | Gained mutation: You have a pair of small antennae on your
                  | head. [demonic ancestry]
  2222 | D:1      | Reached XP level 3. HP: 29/29 MP: 3/3
  3484 | D:2      | Reached XP level 4. HP: 30/35 MP: 4/4
  3526 | D:2      | Noticed Sigmund
  3538 | D:2      | Killed Sigmund
  3538 | D:2      | Reached ** piety under Trog
  3539 | D:2      | Reached skill level 1 in Stealth
  3539 | D:2      | Gained mutation: You have a small tail. [demonic ancestry]
  3539 | D:2      | Reached XP level 5. HP: 35/42 MP: 5/5
  4432 | D:2      | Found a runed translucent door.
  4433 | D:2      | Noticed Crazy Yiuf
  4440 | D:2      | Killed Crazy Yiuf
  4441 | D:2      | Reached skill level 1 in Maces & Flails
  4441 | D:2      | Reached XP level 6. HP: 36/48 MP: 4/6
  5543 | D:4      | Found Huicwa's Antique Weapon Emporium.
  6379 | D:5      | Entered Level 5 of the Dungeon
  6395 | D:5      | Noticed Edmund
  6399 | D:5      | Reached skill level 1 in Staves
  6683 | D:4      | Slain by Edmund

Illustrated notes

Levels and vault maps discovered:
D:1:      saegor_arrival_simple_a, layout_basic, ebering_ecumenical_altar_rust
D:2:      minmay_spotlight, layout_basic, uniq_sigmund, uniq_crazy_yiuf_cottage
D:3:      layout_basic
D:4:      layout_loops_ring, mainiacjoe_overflow_boulevard, serial_shops,
          nicolae_shop_overgrown_old_shop
D:5:      layout_rooms, kennysheep_mini, uniq_edmund

Skill      XL: |  1  2  3  4  5  6 |
---------------+-------------------+-----
Short Blades   | 3 4 |  4.5
Armour         | 2 |  2.1
Dodging        | 2 3 |  3.2
Stealth        | 1 |  1.9
Fighting       | 4 |  4.2
Maces & Flails | 1 |  1.3
Staves         | 1 |  1.5

Action                   |  1- 3 |  4- 6 || total
-------------------------+-------+-------++-------
Melee: Short sword       |   152 |     1 ||   153
       Mace              |       |    45 ||    45
       Tailslap          |       |     7 ||     7
       Quarterstaff      |       |    64 ||    64
Invok: Berserk           |       |     1 ||     1
  Use: Potion            |       |     2 ||     2
       Scroll            |       |     1 ||     1
 Stab: Sleeping          |     1 |     5 ||     6
Armor: Animal skin       |    36 |    25 ||    61
       Chain mail        |       |    11 ||    11
Dodge: Dodged            |    87 |    85 ||   172
